 Dungeon Crawl Stone Soup version 0.31-b1-22-gc680215f68 (webtiles) character file.

Game seed: 179222919400888183

315 Kallu the Chiller (level 6, 0/44 HPs)
             Began as a Barachi Ice Elementalist on Jan 18, 2024.
             Slain by a white imp (3 damage)
             ... on level 3 of the Dungeon.
             The game lasted 00:06:22 (3073 turns).

Kallu the Chiller (Barachi Ice Elementalist)        Turns: 3073, Time: 00:06:24

Health: 0/44       AC:  2    Str:  9    XL:     6   Next: 43%
Magic:  10/10      EV: 12    Int: 18    God:
Gold:   62         SH:  0    Dex: 12    Spells: 4/11 levels left

rFire   . . .        a - +1 long sword (flame)
rCold   . . .        (no shield)
rNeg    . . .        m - +0 robe
rPois   .            (no helmet)
rElec   .            (no cloak)
rCorr   .            (no gloves)
SInv    .            (no boots)
Will    .....        (no amulet)
Stlth   ++           (no ring)
HPRegen 0.27/turn    (no ring)
MPRegen 0.12/turn

%: no passive effects
@: slow
A: amphibious, slowness 1, strong legs 1, +LOS
a: Hop


You were on level 3 of the Dungeon.
You visited 1 branch of the dungeon, and saw 4 of its levels.

You collected 82 gold pieces.
You spent 20 gold pieces at shops.

Inventory:

Hand Weapons
 a - a +1 long sword of flaming (weapon)
Armour
 m - a +0 robe (worn)
Wands
 c - a wand of paralysis (6)
Scrolls
 d - a scroll of teleportation
 f - a scroll of vulnerability {unknown}
 g - a scroll of poison {unknown}
 h - a scroll of immolation {unknown}
 i - a scroll of torment {unknown}
Potions
 b - a potion of magic
 e - 2 potions of degeneration {unknown}
 j - a potion of cancellation {unknown}
 k - a potion of heal wounds {unknown}
 l - a potion of attraction {unknown}


   Skills:
 - Level 2.0 Fighting
 + Level 3.2 Long Blades
 - Level 2.1 Dodging
 - Level 1.7 Stealth
 - Level 3.0 Spellcasting
 + Level 7.5 Ice Magic


You had 4 spell levels left.
You knew the following spells:

 Your Spells              Type           Power      Damage    Failure   Level
a - Freeze                Ice            100%       1d10      1%          1
b - Frozen Ramparts       Ice            60%        1d10      2%          3
c - Ozocubu's Armour      Ice            30%        N/A       2%          3

Your spell library contained the following spells:

 Spells                   Type           Power      Damage    Failure   Level
 Summon Ice Beast         Ice/Summ       16%        N/A       11%         3
 Kiss of Death            Conj/Necr      8%         2d6       16%         1
 Confusing Touch          Hex            2%         N/A       43%         3
 Dispel Undead            Necr           2%         3d7       85%         4


Dungeon Overview and Level Annotations

Branches:
Dungeon (4/15)
 Temple: D:4-7

Altars:

Shops:
D:1 (?   D:2 :


Innate Abilities, Weirdness & Mutations

You are amphibious.
You cover ground slowly.
You can hop short distances.
You have an extended range of vision and can be seen from far away.


Message History

The white imp barely misses you.
You completely miss the white imp. The white imp hits you.
The white imp freezes you.
You barely miss the white imp. The white imp gestures at you.
The puff of frost hits you!
You hit the white imp. You burn the white imp.
The white imp is severely wounded.
The white imp gestures at you. The puff of frost hits you!
You closely miss the white imp.
The white imp is severely wounded.
The white imp hits you. The white imp freezes you.
The white imp gestures at you. The puff of frost hits you.
* * * LOW HITPOINT WARNING * * *
You barely miss the white imp.
The white imp is severely wounded.
The white imp gestures at you. The puff of frost misses you.
Casting: Freeze (safe; 1% risk of failure)
Confirm with . or Enter, or press ? or * to list all spells.
Okay, then.
Unknown command.
Aiming: Paralyse
Press: ? - help, Shift-Dir - straight line, f - white imp
Aim: a white imp (severely wounded, chance to affect: 57%)
The white imp resists with significant effort.
The white imp hits you.
* * * LOW HITPOINT WARNING * * *
The white imp freezes you.
* * * LOW HITPOINT WARNING * * *
Aiming: Paralyse
Press: ? - help, Shift-Dir - straight line, f/p - white imp
Aim: a white imp (severely wounded, chance to affect: 57%)
The white imp resists with significant effort.
The white imp hits you.
* * * LOW HITPOINT WARNING * * *
The white imp freezes you.
You die...

###### ########.###.####
...... ..........# #.#
########.######### #.#
...........[.. ..# #.#
.......#.#.#.# #.# #.#
.(...#.....#.# #.# #.#
.#.#.#.#...#.# #.# #.#
.#.#.#.#...#.# #5#
#.#####
.....#.#...#.###@#
#.....#
.#...#.#.........#
####.##
.#.#.#.#...#.##### #.#
.#.#.#.#)......# #.#
.#.......#####.########.#
.#...#.#................#
.#.#.#.#.......##########
.#.###.#.####### ....
..#.#


You could see a white imp.

Vanquished Creatures
  Blork the orc (D:4)
  An orc priest (D:3)
  An orc wizard (D:3)
  4 adders
  7 gnolls (D:3)
  A dart slug (D:3)
  3 ribbon worms (D:2)
  9 orcs (D:3)
  7 ball pythons
  7 bats
  3 endoplasms
  4 giant cockroaches
  5 goblins
  7 hobgoblins
  4 kobolds
  2 quokkas (D:1)
  5 frilled lizards
  2 rats
73 creatures vanquished.

Notes
Turn   | Place    | Note
-------+----------+-------------------------------------------
     0 | D:1      | Kallu the Barachi Ice Elementalist began the quest for the
                  | Orb.
     0 | D:1      | Reached XP level 1. HP: 13/13 MP: 3/3
    99 | D:1      | Found a faded altar of an unknown god.
   197 | D:1      | Reached skill level 1 in Fighting
   370 | D:1      | Reached XP level 2. HP: 15/21 MP: 0/5
   433 | D:1      | Found Mocayst's Magic Scroll Boutique.
   446 | D:1      | Bought a scroll of identify for 20 gold pieces
   593 | D:1      | Found Hoschuonu's Weapon Emporium.
  1015 | D:2      | Reached XP level 3. HP: 24/27 MP: 5/7
  1019 | D:2      | Learned a level 3 spell: Frozen Ramparts
  1023 | D:2      | Learned a level 3 spell: Ozocubu's Armour
  1157 | D:2      | Reached skill level 5 in Ice Magic
  1617 | D:2      | Found Puf Lasaunt's Book Shoppe.
  1760 | D:2      | Reached XP level 4. HP: 33/33 MP: 6/8
  1994 | D:3      | Reached skill level 6 in Ice Magic
  1997 | D:3      | Reached XP level 5. HP: 11/38 MP: 1/9
  2110 | D:3      | You fall into a shaft and drop 1 floor!
  2132 | D:4      | Noticed Blork the orc
  2152 | D:4      | Killed Blork the orc
  2153 | D:4      | Reached skill level 7 in Ice Magic
  2406 | D:3      | Reached XP level 6. HP: 44/44 MP: 3/10
  3073 | D:3      | Slain by a white imp

Illustrated notes

Levels and vault maps discovered:
D:1:      dpeg_arrival_shrine, layout_loops_ring, serial_shops,
          nicolae_shop_bloodbath_and_beyond, nicolae_shop_just_a_little_nook,
          shapermc_ecumenical_altar_mp_ritualfount
D:2:      layout_basic, serial_shops,
          nicolae_shop_temple_entry_statues_fountains
D:3:      layout_basic, minivault_27
D:4:      layout_cave_pools, palyth_temple_overflow_mages, uniq_eustachio,
          uniq_blork_the_orc

Skill      XL: |  1  2  3  4  5  6 |
---------------+-------------------+-----
Fighting       | 1 2 |  2.0
Spellcasting   | 3 |  3.0
Ice Magic      | 5 6 7 |  7.5
Long Blades    | 2 3 |  3.2
Dodging        | |  2.1
Stealth        | |  1.7

Action                     |  1- 3 |  4- 6 || total
---------------------------+-------+-------++-------
  Melee: Unarmed           |    18 |       ||    18
         Dagger            |    55 |     5 ||    60
         Punch             |     1 |       ||     1
         Long sword        |       |    41 ||    41
   Cast: Freeze            |    45 |    17 ||    62
         Frozen Ramparts   |     3 |     6 ||     9
         Ozocubu's Armour  |       |     5 ||     5
Ability: Hop               |     2 |       ||     2
  Evoke: Wand              |       |     2 ||     2
    Use: Scroll            |     1 |       ||     1
         Potion            |       |     2 ||     2
   Stab: Sleeping          |     5 |     1 ||     6
 Armour: Robe              |    63 |    35 ||    98
  Dodge: Dodged            |    84 |    45 ||   129
